 Dungeon Crawl Stone Soup version 0.27.1-35-g4d5d836560 (console) character file.

Game seed: 14944893692560397937

597 Faeu the Firebug (level 7, -2/56 HPs)
             Began as a Black Draconian Fire Elementalist on May 16, 2022.
             Slain by a killer bee (8 damage)
             ... on level 4 of the Dungeon.
             The game lasted 00:23:45 (5084 turns).

Faeu the Firebug (DrFE)                             Turns: 5084, Time: 00:23:45

Health: -2/56      AC:  6    Str: 10    XL:     7   Next: 17%
Magic:  7/11       EV: 12    Int: 18    God:
Gold:   161        SH:  0    Dex: 11    Spells: 9/11 levels left

rFire    . . .     SeeInvis .   q - +2 dagger (drain) {short}
rCold    . . .     Faith    .   (no shield)
rNeg     . . .     Spirit   .   (armour unavailable)
rPois    .         Reflect  .   (helmet restricted)
rElec    +         Harm     .   (no cloak)
rCorr    .         Rampage  .   (no gloves)
Will     .....                  (no boots)
Stlth    ++........             (no amulet)
HPRegen  0.18/turn              (no ring)
MPRegen  0.12/turn              (no ring)

@: lethally poisoned (-2 -> -10)
A: breathe lightning, AC +6, unfitting armour, electricity resistance,
cold-blooded
a: Breathe Lightning


You were on level 4 of the Dungeon.
You visited 1 branch of the dungeon, and saw 5 of its levels.

You collected 161 gold pieces.


Innate Abilities, Weirdness & Mutations

You can breathe wild blasts of lightning.
Your glossy black scales are hard. (AC +6)
You cannot fit into any form of body armour.
You are resistant to electric shocks. (rElec)
You are cold-blooded and may be slowed by cold attacks.


   Skills:
 - Level 2.5 Fighting
 - Level 3.4 Dodging
 + Level 3.9 Stealth
 - Level 2.6 Spellcasting
 + Level 3.4 Conjurations
 + Level 4.5 Fire Magic


You had 9 spell levels left.
You knew the following spells:

 Your Spells              Type           Power      Damage    Failure   Level
a - Foxfire               Conj/Fire      64%        2x1d7     3%          1
b - Magic Dart            Conj           56%        1d5       4%          1

Your spell library contained the following spells:

 Spells                   Type           Power      Damage    Failure   Level
 Searing Ray              Conj           28%        3d4       6%          2
 Conjure Flame            Conj/Fire      16%        6-21      10%         3
 Inner Flame              Hex/Fire       10%        N/A       21%         3
 Sticky Flame             Conj/Fire      16%        2d4       32%         4
 Gell's Gravitas          Tloc           1%         N/A       45%         3
 Teleport Other           Tloc           2%         N/A       45%         3
 Fulminant Prism          Conj/Hex       4%         3d6       63%         4
 Fireball                 Conj/Fire      8%         3d6       65%         5
 Cause Fear               Hex            1%         N/A       86%         4
 Dispersal                Tloc           1%         N/A       100%        6
 Dragon Form              Tmut           1%         N/A       100%        7
 Dragon's Call            Summ           1%         N/A       100%        9

Inventory:

Hand Weapons
 a - a +0 dagger {short}
   (You took it off a kobold on level 1 of the Dungeon)
 d - a +0 war axe {axe}
   (You found it on level 1 of the Dungeon)
 e - a +1 dagger of draining {short}
   (You took it off a kobold on level 1 of the Dungeon)
 q - a +2 dagger of draining (weapon) {short}
   (You took it off an orc on level 3 of the Dungeon)
 w - a +3 dagger of venom {short}
   (You took it off a goblin on level 4 of the Dungeon)
Missiles
 b - 45 stones {throwing}
 c - 19 poisoned darts {throwing}
 g - 52 arrows
 k - 36 sling bullets
 m - 2 javelins {throwing}
Jewellery
 f - a ring of ice
   (You found it on level 1 of the Dungeon)
Scrolls
 h - 2 scrolls of magic mapping {unknown}
 i - a scroll of torment {unknown}
 l - a scroll of teleportation {unknown}
 p - a scroll of noise {unknown}
 r - a scroll of enchant weapon {unknown}
 s - a scroll of holy word {unknown}
 u - a scroll of identify {unknown}
 v - a scroll of immolation {unknown}
 y - a scroll of enchant armour {unknown}
 A - a scroll of amnesia {unknown}
 B - a scroll of fear {unknown}
Potions
 j - a potion of degeneration {unknown}
 n - a potion of ambrosia {unknown}
 o - a potion of curing {unknown}
 t - a potion of experience {unknown}
 x - 2 potions of heal wounds {unknown}
 z - a potion of lignification {unknown}

Dungeon Overview and Level Annotations

Branches:
Dungeon (5/15)
 Temple: D:4-7

Altars:
Okawaru
Wu Jian

Annotations:
D:4 Pikel

#### #..........##.... #...####
##....#...........
...##.###.....##..........
##..##.........###.........
#.........................)
##............#.............
###......#......##............
##........#.......#............
#...............#........##....
#........)......#.........##...
#.............@y...............
##....#....#..K.............#..
#.....###.###............##.##.
###....###.###........##..#..###
#.....###ยง...........#######.##.
#......####...#...>....#####....
#......###....#......#..........
###.##...............#....##...#
##....#.................###..#
#.##.##.##..โ€ ............)....
##.............<......#........


You could see Pikel (drained) and a killer bee.


Message History

๐Ÿ˜Ž MP[+1]
h - 2 scrolls labelled LAEZAD KOLIROF (gained 1) ๐Ÿ˜Ž MP[+1]
Your mp is fully restored (11). 2 lemures and Pikel come into view.
Pikel is wielding a +2 whip of freezing.
Pikel shouts!
The lemure shouts!
You hear a shout! x2
You conjure some foxfire!
Pikel hits you with a +2 whip of freezing.
You feel yourself slow down. Pikel freezes you. ๐Ÿ˜• HP[-6] MP[-1]
You take 6 damage, and now have 50/56 hp.
You lost 1 mp, and now have 10/11 mp. ๐Ÿ˜• HP[+1]
You feel yourself speed up.
Pikel says, "You'll feel the lick of my whip!"
There is a stone staircase leading up here.
Pikel completely misses you.
You climb upwards.
There is a stone staircase leading down here. ๐Ÿ˜• HP[+1] MP[+1]
Your mp is fully restored (11).
You conjure some foxfire!
Pikel hits you with a +2 whip of freezing.
Pikel freezes you. ๐Ÿ˜• HP[-5] MP[-1]
You take 5 damage, and now have 47/56 hp.
You lost 1 mp, and now have 10/11 mp.
The foxfire hits Pikel. x2
You conjure some foxfire!
Pikel closely misses you. ๐Ÿ˜• MP[-1]
You lost 1 mp, and now have 9/11 mp.
The foxfire hits Pikel. x2; Pikel closely misses you. ๐Ÿ˜• HP[+1]
You miscast Foxfire.
You are very lightly contaminated with residual magic.
Nothing appears to happen.
Pikel hits you with a +2 whip of freezing.
You feel yourself slow down. Pikel freezes you. ๐Ÿ˜• HP[-5] MP[-1]
You take 5 damage, and now have 43/56 hp.
You lost 1 mp, and now have 8/11 mp.
You conjure some foxfire!
The killer bee barely misses you.
Pikel hits you with a +2 whip of freezing.
Pikel freezes you.
The killer bee barely misses you. ๐Ÿ˜ฎ HP[-7] MP[-1]
You take 7 damage, and now have 36/56 hp.
You lost 1 mp, and now have 7/11 mp.
You feel yourself speed up.
The foxfire hits the killer bee.
The foxfire hits Pikel.
The killer bee barely misses you. The killer bee stings you.
The killer bee barely misses you.
Pikel hits you with a +2 whip of freezing.
You feel yourself slow down. Pikel freezes you.
* * * LOW HITPOINT WARNING * * *
๐Ÿ˜จ HP[-8] MP[+1]
You take 8 damage, and now have 28/56 hp.
You are too injured to fight recklessly!
Casting: Foxfire (safe; 3% risk of failure)
Press: ? - help, Q - select action, (/) - cycle Dir - look around, f - activate You conjure some foxfire!
The killer bee stings you.
* * * LOW HITPOINT WARNING * * *
The killer bee misses you. Pikel barely misses you.
The killer bee closely misses you. ๐Ÿ˜จ MP[-1]
You lost 1 mp, and now have 7/11 mp.
You feel yourself speed up.
The foxfire hits the killer bee.
The foxfire hits Pikel.
The killer bee stings you.
* * * LOW HITPOINT WARNING * * *
The killer bee stings you.
* * * LOW HITPOINT WARNING * * *
You are poisoned.
The killer bee poisons you! Pikel barely misses you.
Your magical contamination has completely faded away. ๐Ÿ˜จ HP[-7]
You take 7 damage, and now have 21/56 hp.
You barely miss Pikel.
You feel sick. The killer bee stings you.
* * * LOW HITPOINT WARNING * * *
The killer bee barely misses you.
Pikel hits you but does no damage. ๐Ÿ˜ฑ HP[-7]
You take 7 damage, and now have 14/56 hp.
You closely miss Pikel.
You feel sick. The killer bee stings you.
* * * LOW HITPOINT WARNING * * *
You are lethally poisoned!
The killer bee poisons you! The killer bee barely misses you.
Pikel hits you with a +2 whip of freezing.
* * * LOW HITPOINT WARNING * * *
Pikel freezes you.
* * * LOW HITPOINT WARNING * * *
๐Ÿ˜ฑ HP[-6]
You take 6 damage, and now have 8/56 hp.
You hit Pikel but do no damage. You drain Pikel.
* * * LOW HITPOINT WARNING * * *
You feel sick. The killer bee stings you!
You die...

Skill      XL: |  1  2  3  4  5  6 |
---------------+-------------------+-----
Stealth        | 2 3 |  3.9
Dodging        | 2 3 |  3.4
Conjurations   | 2 3 |  3.4
Fighting       | 1 2 |  2.5
Fire Magic     | 4 |  4.5
Spellcasting   | |  2.6

Action                   |  1- 3 |  4- 6 |  7- 9 || total
-------------------------+-------+-------+-------++-------
Melee: Dagger            |    70 |   116 |     3 ||   189
       Unarmed           |     4 |       |       ||     4
       Tailslap          |     5 |     7 |       ||    12
 Cast: Foxfire           |    40 |    72 |     9 ||   121
 Stab: Sleeping          |     3 |       |       ||     3
Armor: Skin              |    10 |    35 |     2 ||    47
Dodge: Dodged            |    38 |   115 |    16 ||   169

Levels and vault maps discovered:
D:1:      ldierk_walled_garden_2, layout_basic,
          shapermc_ecumenical_altar_mp_highgroup, minmay_misc_feat_x,
          chequers_decorated_corner, minmay_misc_feat_diagonals
D:2:      minmay_diamond_boxcup, layout_basic, hex_medium
D:3:      layout_basic, okawaru_gym_becter, nicolae_wu_jian_immortal_techniques,
          uniq_robin
D:4:      layout_cave_pools
D:5:      layout_loops_ring, fedhas_altar_3, minmay_temple_entry_glass,
          uniq_crazy_yiuf_cottage, uniq_pikel

Notes
Turn   | Place    | Note
-------+----------+-------------------------------------------
     0 | D:1      | Faeu the Draconian Fire Elementalist began the quest for
                  | the Orb.
     0 | D:1      | Reached XP level 1. HP: 14/14 MP: 3/3
     0 | D:1      | magus.rc [v1.9.6]
   329 | D:1      | Reached skill level 2 in Stealth
   329 | D:1      | Reached XP level 2. HP: 17/20 MP: 3/5
   357 | D:1      | Reached skill level 2 in Dodging
   488 | D:1      | You pick up a book of Conjurations {@e2} and begin
                  | reading...
   488 | D:1      | You add the spells Magic Dart, Searing Ray and Fulminant
                  | Prism to your library.
  1119 | D:1      | Found a faded altar of an unknown god.
  1278 | D:1      | Reached XP level 3. HP: 26/26 MP: 6/6
  1638 | D:2      | You add the spells Gell's Gravitas, Teleport Other and
                  | Dispersal to your library.
  2523 | D:3      | Noticed Robin
  2604 | D:3      | Reached XP level 4. HP: 27/33 MP: 7/7
  2663 | D:3      | Found an iron altar of Okawaru.
  2835 | D:3      | Reached skill level 2 in Conjurations
  3297 | D:3      | Killed Robin
  3300 | D:3      | Reached XP level 5. HP: 37/39 MP: 4/9
  3695 | D:3      | Reached skill level 1 in Fighting
  3737 | D:3      | Found an ornate altar of the Wu Jian Council.
  3746 | D:3      | You pick up a book of the Dragon and begin reading...
  3746 | D:3      | You add the spells Cause Fear, Dragon Form and Dragon's
                  | Call to your library.
  3837 | D:4      | Reached skill level 3 in Stealth
  4063 | D:4      | Identified the +6 scale mail of the Yeti {rPois rCorr Str+4
                  | Int+4}
  4168 | D:4      | Reached skill level 3 in Dodging
  4168 | D:4      | Reached skill level 4 in Fire Magic
  4168 | D:4      | Reached XP level 6. HP: 44/48 MP: 7/10
  4392 | D:4      | Learned a level 1 spell: Magic Dart
  4562 | D:4      | Reached skill level 2 in Fighting
  4562 | D:4      | Reached skill level 3 in Conjurations
  4678 | D:3      | Your scales start taking on a glossy black colour.
  4678 | D:3      | Reached XP level 7. HP: 23/56 MP: 11/11
  4678 | D:3      | Gained mutation: You are resistant to electric shocks.
                  | (rElec) [Black Draconian growth]
  5036 | D:5      | Entered Level 5 of the Dungeon
  5054 | D:5      | Noticed Pikel
  5082 | D:4      | HP: 14/56 [killer bee (5)]
  5084 | D:4      | HP: 6/56 [poisoned by a killer bee]
  5084 | D:4      | Slain by a killer bee

Vanquished Creatures
  An ogre (D:4)
  A scorpion (D:4)
  4 killer bees
  A jelly (D:3)
  A hound (D:4)
  An orc priest (D:3)
  Robin (D:3)
  5 adders
  A howler monkey skeleton (D:4)
  A shadow imp (D:4)
  2 worms
  5 dart slugs
  3 orcs
  3 bats
  5 endoplasms
  6 giant cockroaches
  20 goblins
  8 hobgoblins
  3 quokkas
  12 ball pythons
  5 frilled lizards
  7 kobolds
  6 rats
102 creatures vanquished.

Vanquished Creatures (others)
  192 foxfires
  3 plants (D:1)
  4 toadstools (D:1)
199 creatures vanquished.

Grand Total: 301 creatures vanquished

Table legend:
 A = Non-vault XP
 B = Vault XP
 C = Vault XP percentage of total XP
 D = Non-vault monster count
 E = Vault monster count
 F = Vault count percentage of total count
                 A         B        C        D         E       F
            +---------+---------+-------+---------+---------+-------
      Total |     804 |      49 |   5.7 |      83 |      19 |  18.6
            +---------+---------+-------+---------+---------+-------
        D:1 |      48 |       0 |   0.0 |      26 |       0 |   0.0
        D:2 |      35 |      11 |  23.9 |      13 |       7 |  35.0
        D:3 |     252 |      38 |  13.1 |      19 |      12 |  38.7
        D:4 |     469 |       0 |   0.0 |      25 |       0 |   0.0
            +---------+---------+-------+---------+---------+-------

Illustrated notes

Table legend:
 A = Kills in this place as a percentage of kills in entire the game.
 B = Kills by you in this place as a percentage of kills by you in the entire game.
 C = Kills by friends in this place as a percentage of kills by friends in the entire game.
 D = Other kills in this place as a percentage of other kills in the entire game.
 E = Experience gained in this place as a percentage of experience gained in the entire game.
 F = Experience gained in this place divided by the number of levels of this place that you have seen.
                   A       B       C       D       E      F
               +-------+-------+-------+-------+-------+----------------------
         Total | 100.0 | 100.0 |   N/A |   N/A | 100.0 | 170.6
       Dungeon | 100.0 | 100.0 |   N/A |   N/A | 100.0 | 170.6
               +-------+-------+-------+-------+-------+----------------------

Table legend: (Time is in decaauts)
 A = Elapsed time spent in this place.
 B = Non-inter-level travel time spent in this place.
 C = Inter-level travel time spent in this place.
 D = Time resting spent in this place.
 E = Time spent auto-exploring this place.
 F = Levels seen in this place.
 G = Mean time per level.
                   A        B        C        D        E       F      G
               +--------+--------+--------+--------+--------+-----+--------+
         Total |   5091 |   4904 |    187 |    504 |   2295 |   5 | 1018.2 |
       Dungeon |   5091 |   4904 |    187 |    504 |   2295 |   5 | 1018.2 |
               +--------+--------+--------+--------+--------+-----+--------+

Top non-repeatable levels by time:
     D:1: 1449 daAuts
     D:2: 1443 daAuts
     D:3: 1217 daAuts
     D:4: 945 daAuts
     D:5: 35 daAuts
